Workbook
Name ct: #REF!
Name ct: #REF!
Name ct: #REF!
Name EE_mis_F1: #REF!
Name EE_mis_F1: #REF!
Name EE_mis_F1: #REF!
Name EE_mis_F2: #REF!
Name EE_mis_F2: #REF!
Name EE_mis_F2: #REF!
Name EE_mis_F3: #REF!
Name EE_mis_F3: #REF!
Name EE_mis_F3: #REF!
Name EE_mis_F4: #REF!
Name EE_mis_F4: #REF!
Name EE_mis_F4: #REF!

Sheet 2027 - rivakomfort 
A1: Referenz: Telefon: E-Mail: | B1: WEW Walenstadt +41 81 736 41 41 energieverrechnung@ew-walenstadt.ch
A5: Kostenzusammenstellung Strom 2027
A6: rivakomfort
A8: Bezeichnung | D8: Verbrauch | E8: Rp./kWh | F8: Betrag in CHF | G8: MWST
A10: Netznutzung
A12: rivakomfort | C12: Rp./kWh | E12: 0.122 | F12: =MROUND(D12*E12,0.05) -> 0 | G12: 1
A13: Grundpreis Netz | C13: Anzahl Mt. | E13: 10 | F13: =MROUND(D13*E13,0.05) -> 0 | G13: 1
A14: Messkosten pro Messpunkt | C14: Anzahl Mt. | D14: =D13 -> 0 | E14: 8 | F14: =MROUND(D14*E14,0.05) -> 0 | G14: 1
A15: Rabatt schaltbare Wasserwärmer o. Wärme-/Kälteanlage | C15: Rp./kWh | E15: -0.005 | F15: =MROUND(D15*E15,-0.05) -> 0 | G15: 1
A16: Wasserkraftreserve | C16: Rp./kWh | D16: =D12 -> 0 | E16: 0.0017 | F16: =MROUND(D16*E16,0.05) -> 0 | G16: 1
A17: Systemdienstleistungen Swissgrid | C17: Rp./kWh | D17: =D12 -> 0 | E17: 0.0019 | F17: =MROUND(D17*E17,0.05) -> 0 | G17: 1
A18: Zuschlag für solidarisierte Kosten | C18: Rp./kWh | D18: =D12 -> 0 | E18: 0.0019 | F18: =MROUND(D18*E18,0.05) -> 0 | G18: 1
A20: Total Netznutzung | F20: =SUM(F12:F18) -> 0
A22: Energie
A24: rivakomfort | C24: Rp./kWh | D24: =D12 -> 0 | E24: 0.135 | F24: =MROUND(D24*E24,0.05) -> 0 | G24: 1
A25: Gutschrift Solargemeinschaft Zuestoll | C25: Rp./kWh | E25: -0.135 | F25: =MROUND(D25*E25,-0.05) -> 0 | G25: 1
A26: Rücklieferung PVA | C26: Rp./kWh | E26: noch nicht bekannt | G26: 1
A28: Total Energie | F28: =SUM(F24:F26) -> 0
A30: Abgaben
A32: Betrieb öffentliche Beleuchtung | C32: Rp./kWh | D32: =D12 -> 0 | E32: 0.009 | F32: =MROUND(D32*E32,0.05) -> 0 | G32: 1
A33: Bundesabgabe zur Förderung erneuerbarer Energien | C33: Rp./kWh | D33: =D12 -> 0 | E33: 0.023 | F33: =MROUND(D33*E33,0.05) -> 0 | G33: 1
A35: Total Abgaben | F35: =SUM(F32:F33) -> 0
A37: TV
A39: Kommunikationsanschluss | C39: Anzahl Mt. | E39: 18 | F39: =D39*E39 -> 0 | G39: 1
A41: Total TV | F41: =SUM(F39) -> 0
A43: Zwischentotal | F43: =SUM(F35+F28+F20+F41) -> 0
A44: zuzüglich 8.1% MWST | F44: =MROUND(F43*8.1%,0.05) -> 0
A46: Gesamttotal Rechnung | F46: =F43+F44 -> 0
A49: Rabatte/Erläuterungen
A50: Schaltbare Wassererwärmer | B50: Kunden, die dem EW Walenstadt ihren Wassererwärmer (z.B. Elektroboiler, elektrischer Durchlauferhitzer) zur aktiven Steuerung überlassen, erhalten einen Rabatt auf den Arbeitspreis der gesamten Netznutzung. Der schaltbare Verbraucher wird nicht separat gemessen. Der Rabatt gilt ausschliesslich für Wassererwärmer, die elektrische Energie als primäre Heizquelle verwenden.
A52: Schaltbare Wärme-/ Kälteanlage | B52: Kunden, die dem EW Walenstadt ihre Wärme- oder Kälteanlage (z. B. Wärmepumpe, Widerstandsheizung) zur aktiven Steuerung überlassen, erhalten einen Rabatt auf den Arbeitspreis der gesamten Netznutzung. Die Schaltbedingungen/Sperrzeiten richten sich nach den aktuellen Werkvorschriften.
A54: Gutschrift Solargemeinschaft | B54: Sie haben sich an der Solargemeinschaft Zuestoll beteiligt. Pro gekauftes Modul erhalten Sie damit eine Gutschrift von 335 kWh auf die Position " Energie". Ist die gutgeschriebene Energie höher als der Bezug im Einheitstarif entfällt der Rest.
A56: Rücklieferung PVA | B56: Das Wasser- und Elektrizitätswerk Walenstadt unterstützt lokale Produzenten und kauft Ihnen die überschüssige Energie ab. Die Vergütung beinhaltet die Übernahme der physikalisch erzeugten Energie und des ökologischen Mehrwertes (Herkunftsnachweis, HKN).

Sheet 2027 - rivastar
A1: Referenz: Telefon: E-Mail: | B1: WEW Walenstadt +41 81 736 41 41 energieverrechnung@ew-walenstadt.ch
A5: ='2027 - rivakomfort '!A5 -> Kostenzusammenstellung Strom 2027
A6: rivastar
A8: Bezeichnung | D8: Verbrauch | E8: Rp./kWh | F8: Betrag in CHF | G8: MWST
A10: Netznutzung
A12: rivastar | C12: Rp./kWh | E12: 0.105 | F12: =MROUND(D12*E12,0.05) -> 0 | G12: 1
A13: Leistungspreis | C13: CHF/kW/Mt. | E13: 9 | F13: =MROUND(D13*E13,0.05) -> 0 | G13: 1
A14: Messkosten pro Messpunkt (Direktmessung) | C14: Anzahl Mt. | E14: 8 | F14: =MROUND(D14*E14,0.05) -> 0 | G14: 1
A15: Messkosten pro Messpunkt (Wandlermessung) | C15: Anzahl Mt. | E15: 30 | F15: =MROUND(D15*E15,0.05) -> 0 | G15: 1
A16: Wasserkraftreserve | C16: Rp./kWh | D16: =D12 -> 0 | E16: ='2027 - rivakomfort '!E16 -> 0.0017 | F16: =MROUND(D16*E16,0.05) -> 0 | G16: 1
A17: Systemdienstleistungen Swissgrid | C17: Rp./kWh | D17: =D12 -> 0 | E17: ='2027 - rivakomfort '!E17 -> 0.0019 | F17: =MROUND(D17*E17,0.05) -> 0 | G17: 1
A18: Zuschlag für solidarisierte Kosten | C18: Rp./kWh | D18: =D12 -> 0 | E18: ='2027 - rivakomfort '!E18 -> 0.0019 | F18: =MROUND(D18*E18,0.05) -> 0 | G18: 1
A20: Total Netznutzung | F20: =SUM(F12:F18) -> 0
A22: Energie
A24: rivastar | C24: Rp./kWh | D24: =D12 -> 0 | E24: 0.135 | F24: =MROUND(D24*E24,0.05) -> 0 | G24: 1
A26: Total Energie | F26: =SUM(F24:F24) -> 0
A28: Abgaben
A30: Betrieb öffentliche Beleuchtung | C30: Rp./kWh | D30: =D12 -> 0 | E30: ='2027 - rivakomfort '!E32 -> 0.009 | F30: =MROUND(D30*E30,0.05) -> 0 | G30: 1
A31: ='2027 - rivakomfort '!A33 -> Bundesabgabe zur Förderung erneuerbarer Energien | C31: Rp./kWh | D31: =D12 -> 0 | E31: ='2027 - rivakomfort '!E33 -> 0.023 | F31: =MROUND(D31*E31,0.05) -> 0 | G31: 1
A33: Total Abgaben | F33: =SUM(F30:F31) -> 0
A35: Zwischentotal | F35: =SUM(F20+F26+F33) -> 0
A36: zuzüglich 8.1% MWST | F36: =MROUND(F35*8.1%,0.05) -> 0
A38: Gesamttotal Rechnung | F38: =F35+F36 -> 0
A41: Erläuterungen
A42: Messkosten pro Messpunkt | B42: Je nach Anschluss und Stromverbrauch kommen unterschiedliche Messarten zum Einsatz. Diese beeinflussen die Art der Erfassung und die Höhe der Messkosten. Der Messtarif richtet sich nach der eingesetzten Messtechnik und ist nicht frei wählbar.

Sheet 2027 - rivaindustrie
A1: Referenz: Telefon: E-Mail: | B1: WEW Walenstadt +41 81 736 41 41 energieverrechnung@ew-walenstadt.ch
A5: ='2027 - rivakomfort '!A5 -> Kostenzusammenstellung Strom 2027
A6: rivaindustrie
A8: Bezeichnung | D8: Verbrauch | E8: Rp./kWh | F8: Betrag in CHF | G8: MWST
A10: Netznutzung
A12: rivaindustrie | C12: Rp./kWh | E12: 0.039 | F12: =MROUND(D12*E12,0.05) -> 0 | G12: 1
A13: Leistungspreis | C13: CHF/kW/Mt. | E13: 8 | F13: =MROUND(D13*E13,0.05) -> 0 | G13: 1
A14: Messkosten pro Messpunkt (Wandlerrmessung) | C14: Anzahl Mt. | E14: 45 | F14: =MROUND(D14*E14,0.05) -> 0 | G14: 1
A15: Wasserkraftreserve | C15: Rp./kWh | D15: =D12 -> 0 | E15: ='2027 - rivakomfort '!E16 -> 0.0017 | F15: =MROUND(D15*E15,0.05) -> 0 | G15: 1
A16: Systemdienstleistungen Swissgrid | C16: Rp./kWh | D16: =D12 -> 0 | E16: ='2027 - rivakomfort '!E17 -> 0.0019 | F16: =MROUND(D16*E16,0.05) -> 0 | G16: 1
A17: Zuschlag für solidarisierte Kosten | C17: Rp./kWh | D17: =D12 -> 0 | E17: ='2027 - rivakomfort '!E18 -> 0.0019 | F17: =MROUND(D17*E17,0.05) -> 0 | G17: 1
A19: Total Netznutzung | F19: =SUM(F12:F17) -> 0
A21: Energie
A23: rivaindustrie | C23: Rp./kWh | D23: =D12 -> 0 | E23: 0.135 | F23: =MROUND(D23*E23,0.05) -> 0 | G23: 1
A25: Total Energie | F25: =SUM(F23) -> 0
A27: Abgaben
A29: Betrieb öffentliche Beleuchtung | C29: Rp./kWh | D29: =SUM(D23:D23) -> 0 | E29: ='2027 - rivakomfort '!E32 -> 0.009 | F29: =MROUND(D29*E29,0.05) -> 0 | G29: 1
A30: ='2027 - rivakomfort '!A33 -> Bundesabgabe zur Förderung erneuerbarer Energien | C30: Rp./kWh | D30: =D12 -> 0 | E30: ='2027 - rivakomfort '!E33 -> 0.023 | F30: =MROUND(D30*E30,0.05) -> 0 | G30: 1
A32: Total Abgaben | F32: =SUM(F29:F30) -> 0
A34: Zwischentotal | F34: =SUM(F19+F25+F32) -> 0
A35: zuzüglich 8.1% MWST | F35: =MROUND(F34*8.1%,0.05) -> 0
A37: Gesamttotal Rechnung | F37: =F34+F35 -> 0

Sheet 2027 - temporäre Anlagen
A1: Referenz: Telefon: E-Mail: | B1: WEW Walenstadt +41 81 736 41 41 energieverrechnung@ew-walenstadt.ch
A5: ='2027 - rivakomfort '!A5 -> Kostenzusammenstellung Strom 2027
A6: Temporäre Anlagen, Baustrom
A8: Bezeichnung | D8: Verbrauch | E8: Rp./kWh | F8: Betrag in CHF | G8: MWST
A10: Netznutzung
A12: rivakomfort | C12: Rp./kWh | E12: ='2027 - rivakomfort '!E12 -> 0.122 | F12: =MROUND(D12*E12,0.05) -> 0 | G12: 1
A13: Grundpreis Netz | C13: Anzahl Mt. | E13: ='2027 - rivakomfort '!E13 -> 10 | F13: =MROUND(D13*E13,0.05) -> 0 | G13: 1
A14: Messkosten pro Messpunkt | C14: Anzahl Mt. | D14: =D13 -> 0 | E14: 8 | F14: =MROUND(D14*E14,0.05) -> 0 | G14: 1
A15: Zuschlag temporäre Anlage | C15: Rp./kWh | D15: =D12 -> 0 | E15: 0.15 | F15: =MROUND(D15*E15,0.05) -> 0 | G15: 1
A16: Wasserkraftreserve | C16: Rp./kWh | D16: =D12 -> 0 | E16: ='2027 - rivakomfort '!E16 -> 0.0017 | F16: =MROUND(D16*E16,0.05) -> 0 | G16: 1
A17: Systemdienstleistungen Swissgrid | C17: Rp./kWh | D17: =D12 -> 0 | E17: ='2027 - rivakomfort '!E17 -> 0.0019 | F17: =MROUND(D17*E17,0.05) -> 0 | G17: 1
A18: Zuschlag für solidarisierte Kosten | C18: Rp./kWh | D18: =D12 -> 0 | E18: ='2027 - rivakomfort '!E18 -> 0.0019 | F18: =MROUND(D18*E18,0.05) -> 0 | G18: 1
A20: Total Netznutzung | F20: =SUM(F12:F18) -> 0
A22: Energie
A24: rivakomfort | C24: Rp./kWh | D24: =D12 -> 0 | E24: ='2027 - rivakomfort '!E24 -> 0.135 | F24: =MROUND(D24*E24,0.05) -> 0 | G24: 1
A26: Total Energie | F26: =SUM(F24:F24) -> 0
A28: Abgaben
A30: Betrieb öffentliche Beleuchtung | C30: Rp./kWh | D30: =D12 -> 0 | E30: ='2027 - rivakomfort '!E32 -> 0.009 | F30: =MROUND(D30*E30,0.05) -> 0 | G30: 1
A31: ='2027 - rivakomfort '!A33 -> Bundesabgabe zur Förderung erneuerbarer Energien | C31: Rp./kWh | D31: =D12 -> 0 | E31: ='2027 - rivakomfort '!E33 -> 0.023 | F31: =MROUND(D31*E31,0.05) -> 0 | G31: 1
A33: Total Abgaben | F33: =SUM(F30:F31) -> 0
A35: Zwischentotal | F35: =SUM(F20+F26+F33) -> 0
A36: zuzüglich 8.1% MWST | F36: =MROUND(F35*8.1%,0.05) -> 0
A38: Gesamttotal Rechnung | F38: =F35+F36 -> 0
